 Dungeon Crawl Stone Soup version 0.29.0-4-gdea44cf6ec (webtiles) character file.

Game seed: 4461342085545207059

24 qw the Chopper (level 3, -8/21 HPs)
             Began as a Tengu Warper on Aug 28, 2022.
             Mangled by a black bear (9 damage)
             ... on level 2 of the Dungeon.
             The game lasted 00:00:04 (1300 turns).

qw the Chopper (Tengu Warper)                       Turns: 1300, Time: 00:00:05

Health: -8/21      AC:  3    Str: 13    XL:     3   Next: 2%
Magic:  7/7        EV: 12    Int: 13    God:
Gold:   71         SH:  0    Dex: 13    Spells: 6/6 levels left

rFire   . . .      SeeInvis .   Y - +0 hand axe
rCold   . . .      Faith    .   (no shield)
rNeg    . . .      Spirit   .   b - +0 leather armour
rPois   .          Reflect  .   (helmet restricted)
rElec   .          Harm     .   (no cloak)
rCorr   .          Rampage  .   (no gloves)
Will    .....                   (boots unavailable)
Stlth   +.........              (no amulet)
HPRegen 0.07/turn               (no ring)
MPRegen 0.10/turn               (no ring)

@: no status effects
A: beak, talons 3
a: no special abilities


You were on level 2 of the Dungeon.
You visited 1 branch of the dungeon, and saw 2 of its levels.

You collected 71 gold pieces.


Innate Abilities, Weirdness & Mutations

You have a beak for a mouth.
You have claws for feet.


   Skills:
 - Level 2.0 Fighting
 + Level 3.7 Axes
 - Level 1.0 Throwing
 - Level 1.1 Armour
 - Level 2.1 Dodging
 - Level 2.0 Spellcasting
 - Level 2.4 Translocations


You had 6 spell levels left.
You didn't know any spells.
Your spell library contained the following spells:

 Spells                   Type           Power      Damage    Failure   Level
 Blink                    Tloc           14%        N/A       19%         2
 Gell's Gravitas          Tloc           7%         N/A       36%         3
 Lesser Beckoning         Tloc           7%         N/A       36%         3
 Teleport Other           Tloc           7%         N/A       36%         3
 Manifold Assault         Tloc           7%         N/A       98%         5

Inventory:

Hand Weapons
 d - a +0 whip
 Y - a +0 hand axe (weapon)
Missiles
 e - a boomerang (quivered)
Armour
 b - a +0 leather armour (worn)
 j - a +2 hat
Scrolls
 c - a scroll of identify {unknown}
 h - a scroll of summoning {unknown}
 i - a scroll of immolation {unknown}
Potions
 a - a potion of flight {unknown}
 f - a potion of attraction {unknown}

Dungeon Overview and Level Annotations

Branches:
Dungeon (2/15)

Altars:

Shops:
D:2 (


Message History

g - 3 javelins (gained 1)
Found a stone staircase leading down.
Enter note:
j - a +2 hat A black bear comes into view.
Throw: 3 javelins
Press: ? - help, Q - select action, (/) - cycle Shift-Dir - straight line, f - black bear You throw a javelin.
The javelin pierces through the black bear.
The black bear is lightly wounded.
Throw: 2 javelins
Press: ? - help, Q - select action, (/) - cycle Shift-Dir - straight line, f/p - black bear You throw a javelin.
The javelin pierces through the black bear!
The black bear is heavily wounded.
Throw: javelin
Press: ? - help, Q - select action, (/) - cycle Shift-Dir - straight line, f/p - black bear You throw a javelin.
The javelin barely misses the black bear.
You barely miss the black bear.
The black bear is moderately wounded.
The black bear barely misses you. The black bear claws you. x2
You hit the black bear.
The black bear is heavily wounded.
The black bear closely misses you. The black bear claws you.
The black bear claws you but does no damage.
You hit the black bear. You claw the black bear.
The black bear is severely wounded.
The black bear bites you but does no damage.
The black bear claws you but does no damage.
The black bear claws you.
You barely miss the black bear. You claw the black bear.
You peck the black bear.
The black bear is almost dead.
The black bear goes berserk!
You closely miss the black bear. Your kick misses the black bear.
The black bear is almost dead.
The black bear bites you. The black bear claws you. x2
The black bear bites you!
You die...

### #.#
#########.#
(.....h@..#
.##.......##
#........#
########.# #.#
#.# #.#
#.##########
######.#.........


You could see a black bear (berserk).

Vanquished Creatures
  3 endoplasms
  A giant cockroach (D:1)
  2 goblins
  A hobgoblin (D:2)
  3 jackals (D:1)
  3 kobolds
  A ball python (D:2)
  2 bats
  2 frilled lizards (D:1)
  5 rats
23 creatures vanquished.

Notes
Turn   | Place    | Note
-------+----------+-------------------------------------------
     0 | D:1      | qw the Tengu Warper began the quest for the Orb.
     0 | D:1      | Reached XP level 1. HP: 12/12 MP: 4/4
     0 | D:1      | 0 ||| qw: Version: 0.1-a-89-g26bdef1
     0 | D:1      | 0 ||| qw: Game counter: 1662
     0 | D:1      | 0 ||| qw: Always use a shield: true
     0 | D:1      | 0 ||| qw: God list: Okawaru
     0 | D:1      | 0 ||| qw: Allow faded altars: false
     0 | D:1      | 0 ||| qw: Do Orc after D:15 true
     0 | D:1      | 0 ||| qw: Do second Lair branch before Depths: true
     0 | D:1      | 0 ||| qw: Lair rune preference: random
     0 | D:1      | 0 ||| qw: Plans: Normal
     0 | D:1      | 0 ||| PLANNING D:1-11
   213 | D:1      | Reached XP level 2. HP: 15/17 MP: 6/6
   219 | D:1      | Reached skill level 3 in Axes
   334 | D:1      | Found a faded altar of an unknown god.
   792 | D:1      | 792 ||| READING scroll labelled SAHUOC YHA.
   793 | D:1      | 793 ||| READING scroll labelled MAGUEL LAAMNYR.
   794 | D:1      | 794 ||| DROPPING scroll of blinking.
   873 | D:2      | 873 ||| FLEEEEING.
   879 | D:2      | 879 ||| FLEEEEING.
   880 | D:2      | 880 ||| FLEEEEING.
   881 | D:2      | 881 ||| FLEEEEING.
   883 | D:2      | 883 ||| FLEEEEING.
  1044 | D:2      | Found Gofyviast's Antique Weapon Boutique.
  1049 | D:2      | 1049 ||| SHOPLISTING flail (84 gold, have 71).
  1049 | D:2      | 1049 ||| SHOPLISTING glowing flail (156 gold, have 71).
  1049 | D:2      | 1049 ||| SHOPLISTING polished war axe (204 gold, have 71).
  1049 | D:2      | 1049 ||| SHOPLISTING war axe (84 gold, have 71).
  1232 | D:2      | Reached XP level 3. HP: 21/21 MP: 7/7
  1292 | D:2      | Noticed a black bear
  1300 | D:2      | HP: 4/21 [black bear (6)]
  1300 | D:2      | HP: 1/21 [black bear (3)]
  1300 | D:2      | Mangled by a black bear

Levels and vault maps discovered:
D:1:      denvon_arrival_planthouse, layout_loops_ring,
          ebering_ecumenical_altar_hall, minmay_misc_feat_plants
D:2:      layout_basic, serial_shops, nicolae_shop_hallway_stairs, uniq_sigmund

Skill      XL: |  1  2 |
---------------+-------+-----
Axes           | 3 |  3.7
Fighting       | |  2.0
Throwing       | |  1.0
Armour         | |  1.1
Dodging        | |  2.1
Spellcasting   | |  2.0
Translocations | |  2.4

Action                   || total
-------------------------++-------
Melee: Hand axe          ||    32
       Kick              ||     9
       Peck              ||     5
Throw: Boomerang         ||    33
       Javelin           ||     7
  Use: Scroll            ||     2
 Stab: Sleeping          ||     1
Armor: Leather armour    ||    13
Dodge: Dodged            ||    18

Table legend:
 A = Non-vault XP
 B = Vault XP
 C = Vault XP percentage of total XP
 D = Non-vault monster count
 E = Vault monster count
 F = Vault count percentage of total count
                 A         B        C        D         E       F
            +---------+---------+-------+---------+---------+-------
      Total |      35 |       0 |   0.0 |      23 |       0 |   0.0
            +---------+---------+-------+---------+---------+-------
        D:1 |      20 |       0 |   0.0 |      13 |       0 |   0.0
        D:2 |      15 |       0 |   0.0 |      10 |       0 |   0.0
            +---------+---------+-------+---------+---------+-------
